 Dungeon Crawl Stone Soup version 0.20.1-1-g8b1a95d (webtiles) character file.

250 Mesmaeker13 the Poker (level 6, -1/44 HPs)
             Began as a Merfolk Skald on Sept 18, 2017.
             Killed by divine providence
             ... invoked by an orc priest
              (14 damage)
             ... on level 4 of the Dungeon.
             The game lasted 00:08:08 (3677 turns).

Mesmaeker13 the Poker (Merfolk Skald)               Turns: 3677, Time: 00:08:09

Health: -1/44      AC:  6    Str: 12    XL:     6   Next: 13%
Magic:  0/9        EV: 12    Int: 14    God:
Gold:   104        SH:  0    Dex: 13    Spells: 1/9 levels left

rFire    + . .     SeeInvis +   a - +0 spear
rCold    x . .     Gourm    .   (no shield)
rNeg     . . .     Faith    .   i - +0 ring mail
rPois    .         Spirit   .   t - +0 helmet {SInv}
rElec    .         Reflect  .   (no cloak)
rCorr    .         Harm     .   (no gloves)
MR       .....                  (no boots)
Stlth    +.........             (no amulet)
Regen    0.2/turn               j - ring of fire
MPRegen  0.2/turn               (no ring)

@: infused, very slightly contaminated
A: change form in water, swift swim, stealthy swim
a: no special abilities


You were on level 4 of the Dungeon.
You were not hungry.

You visited 1 branch of the dungeon, and saw 4 of its levels.

You collected 104 gold pieces.

Inventory:

Hand Weapons
 a - a +0 spear (weapon)
 d - a +0 blowgun
Missiles
 x - 26 poisoned needles
Armour
 i - a +0 ring mail (worn)
 t - a +0 helmet of see invisible (worn)
Jewellery
 g - a cursed amulet of the gourmand
 j - a ring of fire (left hand)
Wands
 h - a wand of digging (18/24)
 p - a wand of confusion (0/48)
 s - a wand of confusion (21/48)
Scrolls
 b - 3 scrolls of remove curse {unknown}
 l - a scroll of noise {unknown}
 n - a scroll of amnesia
 q - 5 scrolls of teleportation
 w - a scroll of identify
 B - a scroll of fog {unknown}
Potions
 e - a potion of might {unknown}
 k - a potion of mutation
 m - a potion of heal wounds {unknown}
 o - a potion of berserk rage {unknown}
 z - a potion of curing {unknown}
 A - a potion of ambrosia {unknown}
Books
 c - a book of Battle

   Spells                             Type                      Level
   a - Infusion                       Charms                       1
   b - Shroud of Golubria             Charms/Translocation         2
   c - Song of Slaying                Charms                       2
   d - Spectral Weapon                Hexes/Charms                 3
   e - Regeneration                   Charms/Necromancy            3
 y - a book of Misfortune

   Spells                             Type                      Level
   a - Confusing Touch                Hexes                        1
   b - Confuse                        Hexes                        3
   c - Gell's Gravitas                Translocation                3
   d - Petrify                        Transmutation/Earth          4
   e - Metabolic Englaciation         Hexes/Ice                    5
   f - Yara's Violent Unravelling     Hexes/Transmutation          5
Comestibles
 f - a royal jelly
 r - a bread ration
 u - a meat ration
 v - 5 chunks of flesh


   Skills:
 - Level 2.1 Fighting
 + Level 5.5 Polearms
 + Level 1.1 Armour
 - Level 4.0 Dodging
 - Level 2.0 Spellcasting
 + Level 4.5 Charms
 + Level 2.0 Translocations


You had one spell level left.
You knew the following spells:

 Your Spells              Type           Power        Failure   Level  Hunger
a - Infusion              Chrm           ##..         9%          1    ##.....
b - Shroud of Golubria    Chrm/Tloc      ##........   22%         2    ###....
c - Regeneration          Chrm/Necr      #.........   54%         3    ####...
d - Song of Slaying       Chrm           ##......     13%         2    ###....


Dungeon Overview and Level Annotations

Branches:
Dungeon (4/15)
 Temple: D:4-7

Altars:
Qazlal


Message History

The orc wizard appears confused.
Evoking this partially-identified wand wasted a few charges.
The orc priest calls down the wrath of Beogh upon you.
Pain shoots through your body!
* * * LOW HITPOINT WARNING * * *
Evoke which item? (* to show all) (? for menu, Esc to quit)
Aiming: Confuse (will waste charges)
Press: ? - help, Shift-Dir - straight line, f - orc priest, p - orc wizard
Aim: an orc priest, wielding a club and wearing a leather armour (chance to defeat MR: 46%)
The orc priest resists with some effort.
Evoking this partially-identified wand wasted a few charges.
Evoke which item? (* to show all) (? for menu, Esc to quit)
Aiming: Confuse (will waste charges)
Press: ? - help, Shift-Dir - straight line, f/p - orc priest
Aim: an orc priest, wielding a club and wearing a leather armour (chance to defeat MR: 46%)
The orc priest resists with some effort.
Evoking this partially-identified wand wasted a few charges.
The orc priest mumbles some strange prayers to Beogh against you.
Beogh smites you!
You die...

...# .##F ..##.o. .
.....####.#
#+#.......#. .#
#.......... ..# .
#.#.##.#..#### ..#
##.##.#)##.#.....#...#
#........#.#...#.#..###
........@)o..........>#
#.#.##.....###......##
# #...o.# ##....##
#.....# #.#########
.........####..........
##.#..#................
#.#....#####..........
# ...#................
....#..####..##.###..


You could see an orc priest and an orc wizard (confused).

Vanquished Creatures
  A bullfrog (D:4)
  A quasit (D:3)
  An iguana (D:4)
  Robin (D:3)
  2 adders (D:3)
  4 worms
  A dart slug (D:3)
  2 leopard geckos (D:2)
  3 orcs
  A ball python (D:2)
  2 giant cockroaches
  12 goblins
  12 hobgoblins
  8 jackals
  A quokka (D:3)
  6 bats
  9 frilled lizards
  8 kobolds
  8 rats
83 creatures vanquished.

Notes
Turn   | Place    | Note
-------+----------+-------------------------------------------
     0 | D:1      | Mesmaeker13 the Merfolk Skald began the quest for the Orb.
     0 | D:1      | Reached XP level 1. HP: 16/16 MP: 3/3
   256 | D:1      | Reached XP level 2. HP: 22/22 MP: 5/5
   671 | D:1      | Reached skill level 4 in Polearms
   978 | D:1      | Learned a level 2 spell: Shroud of Golubria
  1051 | D:2      | Reached XP level 3. HP: 23/27 MP: 6/6
  1904 | D:2      | Found a stormy altar of Qazlal.
  2312 | D:3      | Noticed Robin
  2331 | D:2      | Reached XP level 4. HP: 16/33 MP: 0/7
  2565 | D:3      | Learned a level 3 spell: Regeneration
  2615 | D:3      | Reached skill level 5 in Polearms
  2615 | D:3      | Reached skill level 1 in Translocations
  2763 | D:3      | Killed Robin
  2845 | D:3      | Reached XP level 5. HP: 26/38 MP: 8/8
  3635 | D:4      | Learned a level 2 spell: Song of Slaying
  3663 | D:4      | Reached skill level 1 in Armour
  3663 | D:4      | Reached XP level 6. HP: 32/44 MP: 0/9
  3677 | D:4      | Killed from afar by an orc priest

Skill      XL: |  1  2  3  4  5 |
---------------+----------------+-----
Dodging        | 3 4 |  4.0
Polearms       | 4 5 |  5.5
Translocations | 1 2 |  2.0
Charms         | 4 |  4.5
Armour         | 1 |  1.1
Fighting       | |  2.1
Spellcasting   | |  2.0

Action                   |  1- 3 |  4- 6 || total
-------------------------+-------+-------++-------
Melee: Spear             |   186 |   211 ||   397
 Cast: Infusion          |     9 |    10 ||    19
       Shroud of Golubri |       |     3 ||     3
       Regeneration      |       |     1 ||     1
Evoke: Wand              |       |     3 ||     3
  Use: Scroll            |     4 |     1 ||     5
 Stab: Sleeping          |     3 |       ||     3
  Eat: Chunk             |     4 |     2 ||     6
       Bread ration      |       |     1 ||     1
Armor: Leather armour    |    20 |       ||    20
       Ring mail         |    35 |    82 ||   117
Dodge: Dodged            |    91 |   117 ||   208
